 Dungeon Crawl Stone Soup version 0.20.1-1-g8b1a95d (webtiles) character file.

1597 Mesmaeker13 the Reanimator (level 8, 0/62 HPs)
             Began as a Deep Dwarf Necromancer on Aug 16, 2017.
             Slain by an ogre
             ... wielding a +0 giant club
              (7 damage)
             ... on level 6 of the Dungeon.
             The game lasted 00:22:49 (8257 turns).

Mesmaeker13 the Reanimator (Deep Dwarf Necromancer) Turns: 8257, Time: 00:22:50

Health: 0/62       AC:  6    Str: 12    XL:     8   Next: 62%
Magic:  10/13      EV: 16    Int: 18    God:
Gold:   347        SH:  0    Dex: 13    Spells: 3/15 levels left

rFire    . . .     SeeInvis .   e - +4 hand axe
rCold    . . .     Gourm    .   (no shield)
rNeg     . . .     Faith    .   a - +0 robe
rPois    .         Spirit   .   (no helmet)
rElec    .         Reflect  .   (no cloak)
rCorr    .         Harm     .   h - +0 pair of gloves
MR       +....                  D - +2 pair of boots
Stlth    ++........             (no amulet)
Regen    0.0/turn               (no ring)
MPRegen  0.2/turn               (no ring)

@: non-regenerating
A: damage resistance, heal wounds, sense surroundings 1, no regeneration
a: Heal Wounds


You were on level 6 of the Dungeon.
You were not hungry.

You visited 2 branches of the dungeon, and saw 7 of its levels.
You also visited: Sewer and Ossuary.

You collected 347 gold pieces.

Inventory:

Hand Weapons
 e - a +4 hand axe (weapon)
 i - a +0 scimitar
 j - a +2 short sword of venom
 n - a +1 war axe of venom
Armour
 a - a +0 robe (worn)
 h - a +0 pair of gloves (worn)
 D - a +2 pair of boots (worn)
Jewellery
 F - an uncursed ring of stealth {unknown}
Wands
 u - a wand of paralysis (0/24)
 x - a wand of iceblast (0/15)
 z - a wand of polymorph (3/24)
Scrolls
 k - a scroll of remove curse
 l - 3 scrolls of amnesia
 t - a scroll of enchant weapon
 v - 3 scrolls of enchant armour
 w - 2 scrolls of teleportation
 B - 2 scrolls of blinking
 C - a scroll of immolation {unknown}
Potions
 d - 2 potions of degeneration
 m - 3 potions of lignification {unknown}
 o - 4 potions of heal wounds
 p - 2 potions of might {unknown}
 q - 2 potions of flight {unknown}
 r - 2 potions of haste {unknown}
 s - 6 potions of curing {unknown}
 A - a potion of invisibility {unknown}
 E - a potion of berserk rage {unknown}
Books
 b - a book of Necromancy

   Spells                             Type                      Level
   a - Pain                           Necromancy                   1
   b - Animate Skeleton               Necromancy                   1
   c - Vampiric Draining              Necromancy                   3
   d - Regeneration                   Charms/Necromancy            3
   e - Animate Dead                   Necromancy                   4
   f - Control Undead                 Necromancy                   4
Comestibles
 c - 7 bread rations
 f - 6 meat rations
 g - 3 royal jellies
 G - 3 fruits


   Skills:
 + Level 7.8 Dodging
 - Level 2.4 Stealth
 - Level 4.3 Spellcasting
 + Level 8.9 Necromancy


You had 3 spell levels left.
You knew the following spells:

 Your Spells              Type           Power        Failure   Level  Hunger
a - Pain                  Necr           ####         1%          1    None
b - Vampiric Draining     Necr           #####.....   1%          3    ###....
c - Animate Dead          Necr           N/A          3%          4    ####...
d - Control Undead        Necr           #####.....   3%          4    ####...


Dungeon Overview and Level Annotations

Branches:
Dungeon (6/15)             Temple (1/1) D:5

Altars:
Ashenzari
Cheibriados
Dithmenos
Fedhas
Hepliaklqana
Makhleb
Okawaru
Qazlal
Ru
Sif Muna
Trog
Uskayaw
Vehumet
Xom
Yredelemnul
The Shining One

Shops:
D:4 ?

Annotations:
D:4 Grinder


Innate Abilities, Weirdness & Mutations

You are resistant to damage.
You can heal yourself by infusing magical energy.
You passively map a small area around you.
You do not regenerate.


Message History

The hound skeleton bites you.
* * * LOW HITPOINT WARNING * * *
The hound skeleton barely misses you.
You slash the hound skeleton!
You destroy the hound skeleton!
There is a stone staircase leading down here.
You climb downwards.
There is a stone staircase leading up here.
Unknown command.
G - 3 fruits The ogre shouts!
The ogre is too close now for your liking.
Casting: Pain
Confirm with . or Enter, or press ? or * to list all spells.
Aiming: Vampiric Draining
Press: ? - help, Shift-Dir - straight line, f - ogre
Aim: an ogre, wielding a giant club The ogre is lightly wounded.
You feel life coursing into your body. The ogre hits you with a giant club!
You die...

.####...###..#.##..##.## .#
#.#......#....###..# .#
#.##..##...##.# #..## .#
#.##..####.#..# #...#######
.####.##.## #.#..###...##....#
......##.# #....##....##....# .
*##...#####.##.......##....# #
#.#...##..####...........###
##.###.....O@................
#..# ###..####.............##
###.## * ##.#####..............
##...# ...........#.#.....#.
#..#####. .##...<..#(...........
##..........####..###.....###....
...####.###.# #.....#....#...##.
.'##≈≈###≈#.####.###........####.
.#≈≈≈≈≈≈'.#...............#......


You could see an ogre.

Vanquished Creatures
  A wyvern (D:5)
  A phantom (D:6)
  A sky beast (D:6)
  An ogre (D:4)
  A centaur (D:5)
  A crocodile (Sewer)
  A bullfrog (D:6)
  A water moccasin zombie (Ossuary)
  A scorpion (D:6)
  2 howler monkeys
  An electric eel (D:6)
  5 crimson imps
  A hound (D:5)
  3 jellies (D:5)
  An orc priest (D:4)
  An orc wizard (D:4)
  3 worker ants
  2 big kobold zombies (Ossuary)
  A mummy (Ossuary)
  A hound skeleton (D:5)
  9 adders
  2 oozes
  5 adder zombies
  2 adder skeletons
  7 worms
  4 dart slugs
  4 leopard geckos
  7 orcs
  3 giant cockroaches
  3 goblins
  6 hobgoblins
  4 jackals (D:3)
  5 kobolds
  4 quokkas
  A ball python (D:1)
  13 bats
  9 frilled lizards
  4 hobgoblin zombies (Ossuary)
  5 kobold zombies (Ossuary)
  An orc zombie (Ossuary)
  8 rats
136 creatures vanquished.

Vanquished Creatures (collateral kills)
  A water moccasin zombie (Ossuary)
  A crimson imp (D:6)
  A hound zombie (D:6)
  A mummy (Ossuary)
  3 adders
  A shadow imp (D:6)
  2 adder zombies (Ossuary)
  2 leopard geckos (D:6)
  A giant cockroach (D:6)
  A gnoll zombie (Ossuary)
  A hobgoblin zombie (Ossuary)
  A kobold zombie (Ossuary)
  2 orc zombies (Ossuary)
  A quokka zombie (D:6)
19 creatures vanquished.

Vanquished Creatures (others)
  An orc zombie (Ossuary)
1 creature vanquished.

Grand Total: 156 creatures vanquished

Notes
Turn   | Place    | Note
-------+----------+-------------------------------------------
     0 | D:1      | Mesmaeker13 the Deep Dwarf Necromancer began the quest for the Orb.
     0 | D:1      | Reached XP level 1. HP: 15/15 MP: 3/3
     3 | D:1      | Noticed an electric eel
     3 | D:1      | Noticed an electric eel
   193 | D:1      | Reached XP level 2. HP: 22/22 MP: 1/4
   309 | D:1      | Reached skill level 5 in Necromancy
  1136 | D:2      | Reached XP level 3. HP: 16/28 MP: 1/6
  1593 | D:2      | Found a shattered altar of Ashenzari.
  1599 | D:2      | Learned a level 3 spell: Vampiric Draining
  1983 | D:2      | Reached XP level 4. HP: 17/36 MP: 1/7
  3278 | D:2      | Learned a level 4 spell: Animate Dead
  3590 | D:3      | Found a faded altar of an unknown god.
  3935 | D:3      | Reached XP level 5. HP: 40/42 MP: 3/9
  3971 | D:3      | Found a glowing golden altar of the Shining One.
  4305 | D:4      | Noticed an ogre
  4416 | D:4      | Found Kok Ifukk's Magic Scroll Shop.
  4561 | D:4      | Reached skill level 6 in Necromancy
  4756 | D:4      | Found a shimmering altar of Xom.
  4777 | D:4      | Killed an ogre
  4777 | D:4      | Reached XP level 6. HP: 26/49 MP: 8/11
  5072 | D:4      | Noticed Grinder
  5164 | D:5      | Entered Level 5 of the Dungeon
  5331 | D:5      | Reached XP level 7. HP: 20/55 MP: 12/12
  5383 | D:5      | HP: 2/55 [centaur (6)]
  5384 | D:5      | Reached skill level 5 in Dodging
  5420 | D:5      | Found a staircase to the Ecumenical Temple.
  5429 | Temple   | Entered the Ecumenical Temple
  5433 | D:5      | Found a sand-covered staircase.
  5441 | Ossuary  | Entered an ossuary
  5451 | Ossuary  | Learned a level 4 spell: Control Undead
  6152 | Ossuary  | Reached skill level 7 in Necromancy
  6316 | D:5      | Noticed a wyvern
  6316 | D:5      | an ice beast changed into a wyvern
  6483 | D:5      | Killed a wyvern
  6743 | D:5      | Reached XP level 8. HP: 41/62 MP: 7/13
  6854 | D:5      | Found an iron altar of Okawaru.
  6856 | D:5      | Found a snail-covered altar of Cheibriados.
  6857 | D:5      | Found a hide-covered altar of Uskayaw.
  6859 | D:5      | Found a stormy altar of Qazlal.
  6944 | D:6      | Reached skill level 8 in Necromancy
  7378 | D:6      | Found a glowing drain.
  7382 | Sewer    | Entered a sewer
  8257 | D:6      | Slain by an ogre

Skill      XL: |  1  2  3  4  5  6  7  8 |
---------------+-------------------------+-----
Necromancy     | 5 6 7 8 |  8.9
Spellcasting   | 2 3 4 |  4.3
Dodging        | 3 4 6 7 |  7.8
Stealth        | |  2.4

Action                   |  1- 3 |  4- 6 |  7- 9 || total
-------------------------+-------+-------+-------++-------
Melee: Hand axe          |    11 |    37 |    85 ||   133
       Short sword       |    14 |    68 |    33 ||   115
 Cast: Pain              |    53 |    57 |    24 ||   134
       Vampiric Draining |     2 |    28 |    23 ||    53
       Animate Dead      |       |     4 |     4 ||     8
       Control Undead    |       |       |     7 ||     7
 Abil: Heal Wounds       |       |       |     4 ||     4
Evoke: Wand              |       |     4 |    20 ||    24
  Use: Scroll            |       |     4 |     9 ||    13
       Potion            |       |       |     1 ||     1
 Stab: Sleeping          |       |     2 |       ||     2
       Paralysed         |       |       |     3 ||     3
  Eat: Chunk             |     4 |    15 |     6 ||    25
       Fruit             |       |       |     3 ||     3
       Bread ration      |       |       |     1 ||     1
Armor: Robe              |    10 |    17 |    26 ||    53
Dodge: Dodged            |    20 |    92 |   108 ||   220
